 Dungeon Sprint DCSS version 0.24-a0-530-g18ba70b5 (webtiles) character file.

Game seed: 11224328333575274767

1013 silentkaos13 the Fetichist (level 8, -5/46 HPs)
             Began as a Kobold Artificer on Aug 8, 2019.
             Was an Initiate of Nemelex Xobeh.
             Slain by a slime creature (12 damage)
             ... in the Dungeon (Sprint I: "Red Sonja").
             The game lasted 00:02:31 (419 turns).

silentkaos13 the Fetichist (Kobold Artificer)        Turns: 419, Time: 00:02:31

Health: -5/46      AC:  3    Str: 11    XL:     8   Next: 45%
Magic:  20/20      EV: 20    Int: 12    God:    Nemelex Xobeh [......]
Gold:   322        SH:  0    Dex: 16    Spells: 7/7 levels left

rFire    . . .     SeeInvis .   o - +1 dagger (drain)
rCold    . . .     Gourm    .   (shield restricted)
rNeg     . . .     Faith    .   b - +0 leather armour
rPois    .         Spirit   .   (no helmet)
rElec    .         Reflect  .   (no cloak)
rCorr    .         Harm     .   (no gloves)
MR       .....     NoTele   +   (no boots)
Stlth    +++.......             (no amulet)
HPRegen  0.15/turn              (no ring)
MPRegen  0.17/turn              (no ring)

@: no status effects
A: small, carnivore
a: Draw Escape, Draw Destruction, Draw Summoning, Renounce Religion


You were in the Dungeon.
You worshipped Nemelex Xobeh.
Nemelex Xobeh was noncommittal.
You were not hungry.

You visited 1 branch You collected 417 gold pieces.
You spent 95 gold pieces at shops.

Inventory:

Hand Weapons
 a - a +0 short sword
 n - a +1 dagger of speed
 o - a +1 dagger of draining (weapon)
Missiles
 p - 8 curare-tipped darts (quivered)
Armour
 b - a +0 leather armour (worn)
Wands
 c - a wand of flame (2)
 d - a wand of enslavement (15)
 e - a wand of random effects (5)
Scrolls
 l - a scroll of blinking
 m - a scroll of enchant armour {unknown}
Potions
 g - a potion of curing
 h - a potion of heal wounds
 i - a potion of haste
 j - 2 potions of magic
 k - a potion of berserk rage
 q - a potion of mutation {unknown}
Comestibles
 f - a ration


   Skills:
 + Level 3.5 Fighting
 + Level 3.8 Short Blades
 + Level 1.9 Armour
 + Level 8.6 Dodging
 + Level 4.6 Stealth
 + Level 16.9 Evocations


You had 7 spell levels left.
You didn't know any spells.
Your spell library was empty.

Dungeon Overview and Level Annotations

Branches:
Dungeon (1/1)

Altars:
Cheibriados
Dithmenos
Elyvilon
Fedhas
Gozag
Hepliaklqana
Kikubaaqudgha
Makhleb
Nemelex Xobeh
Okawaru
Qazlal
Ru
Sif Muna
Trog
Uskayaw
Vehumet
Wu Jian
Xom
Yredelemnul
Zin
The Shining One
Jiyva
Lugonu

Shops:
D (


Innate Abilities, Weirdness & Mutations

You are small and have problems with some larger weapons.
You are carnivorous and can eat meat at any time.


Message History

The slime creature hits you!
* * * LOW HITPOINT WARNING * * *
The slime creature hits you.
* * * LOW HITPOINT WARNING * * *
Evoke which item? (* to show all) (? for menu, Esc to quit)
Aiming: Throw Flame
Press: ? - help, Shift-Dir - straight line, f/p - slime creature
Aim: a slime creature (moderately wounded, fast)
The puff of flame hits the slime creature!
The slime creature is heavily wounded.
The slime creature closely misses you.
Evoke which item? (* to show all) (? for menu, Esc to quit)
Aiming: Throw Flame
Press: ? - help, Shift-Dir - straight line, f/p - slime creature
Aim: a slime creature (heavily wounded, fast)
The puff of flame hits the slime creature!
The slime creature is severely wounded.
The slime creature hits you!
You die...
Your body disappears without a glow.

################ ##
#<.#..').#..'..#__#
#..)..#..').#.@J..+
#..#####'#####'#__#
#..####..#...#(# ##
#..#__####..##.#
#..#_____##'#_.+
#⌠⌠#_.∩...÷..._#
####_..__##_.#'#
#_____###'#.#
#########.###


You could see a slime creature.

Vanquished Creatures
  Sonja (D)
  Sigmund (D)
  A yak (D)
  An ogre (D)
  A jelly (D)
  Ijyb (D)
6 creatures vanquished.

Notes
Turn   | Place    | Note
-------+----------+-------------------------------------------
     0 | D        | silentkaos13 the Kobold Artificer began the quest for the
                  | Orb.
     0 | D        | Reached XP level 1. HP: 12/12 MP: 3/3
     1 | D        | Noticed Ijyb
     6 | D        | Killed Ijyb
     6 | D        | Reached skill level 7 in Evocations
     6 | D        | Reached XP level 2. HP: 16/16 MP: 3/6
     6 | D        | Reached XP level 3. HP: 20/20 MP: 4/8
    45 | D        | Noticed an ogre
    46 | D        | Killed an ogre
    46 | D        | Reached skill level 5 in Dodging
    46 | D        | Reached skill level 10 in Evocations
    46 | D        | Reached XP level 4. HP: 26/26 MP: 9/11
    46 | D        | Reached XP level 5. HP: 30/30 MP: 9/12
    58 | D        | Noticed Sigmund
    60 | D        | Killed Sigmund
    60 | D        | Reached skill level 13 in Evocations
    60 | D        | Reached XP level 6. HP: 36/36 MP: 10/15
    75 | D        | Found an ornate altar of the Wu Jian Council.
    75 | D        | Found a deep blue altar of Sif Muna.
    78 | D        | Found a radiant altar of Vehumet.
   110 | D        | Found Vuth's Antique Weapon Emporium.
   110 | D        | Found an ancient bone altar of Kikubaaqudgha.
   110 | D        | Found a hazy altar of Hepliaklqana.
   110 | D        | Found a stormy altar of Qazlal.
   110 | D        | Found a hide-covered altar of Uskayaw.
   110 | D        | Found a blossoming altar of Fedhas.
   110 | D        | Found a bloodstained altar of Trog.
   110 | D        | Found an iron altar of Okawaru.
   110 | D        | Found a basalt altar of Yredelemnul.
   110 | D        | Found a glowing golden altar of the Shining One.
   110 | D        | Found a snail-covered altar of Cheibriados.
   110 | D        | Found a sacrificial altar of Ru.
   110 | D        | Found a glowing silver altar of Zin.
   110 | D        | Found a shadowy altar of Dithmenos.
   110 | D        | Found a white marble altar of Elyvilon.
   110 | D        | Noticed a yak
   116 | D        | Killed a yak
   116 | D        | Reached skill level 14 in Evocations
   116 | D        | Reached XP level 7. HP: 21/40 MP: 15/17
   117 | D        | Found an opulent altar of Gozag.
   118 | D        | Found a sparkling altar of Nemelex Xobeh.
   122 | D        | Became a worshipper of Nemelex Xobeh the Trickster
   125 | D        | Bought a glowing dagger for 95 gold pieces
   266 | D        | Received a gift from Nemelex Xobeh
   266 | D        | Found a burning altar of Makhleb.
   266 | D        | Found a viscous altar of Jiyva.
   266 | D        | Found a shimmering altar of Xom.
   266 | D        | Found a corrupted altar of Lugonu.
   266 | D        | Noticed a slime creature
   382 | D        | Noticed Sonja
   384 | D        | Killed Sonja
   384 | D        | Reached skill level 1 in Armour
   384 | D        | Reached skill level 16 in Evocations
   384 | D        | Reached XP level 8. HP: 40/46 MP: 18/20
   419 | D        | Slain by a slime creature

Levels and vault maps discovered:
D:        dungeon_sprint_1 [red_sonja_temple_1, red_sonja_temple_small_1]

Skill      XL: |  1  2  3  4  5  6  7 |
---------------+----------------------+-----
Dodging        | 3 5 6 7 8 |  8.6
Evocations     | 7 10 13 14 16 | 16.9
Short Blades   | 2 3 |  3.8
Fighting       | 2 3 |  3.5
Stealth        | 2 4 |  4.6
Armour         | 1 |  1.9

Action                   |  1- 3 |  4- 6 |  7- 9 || total
-------------------------+-------+-------+-------++-------
Melee: Short sword       |       |     2 |       ||     2
       Dagger            |       |       |     1 ||     1
Evoke: Wand              |     5 |     9 |     9 ||    23
 Stab: Paralysed         |       |     2 |       ||     2
  Eat: Chunk             |     2 |       |       ||     2
Armor: Leather armour    |     2 |       |       ||     2
Dodge: Dodged            |       |     3 |     1 ||     4

Table legend:
 A = Non-vault XP
 B = Vault XP
 C = Vault XP percentage of total XP
 D = Non-vault monster count
 E = Vault monster count
 F = Vault count percentage of total count
                 A         B        C        D         E       F
            +---------+---------+-------+---------+---------+-------
      Total |       0 |    1448 | 100.0 |       0 |       6 | 100.0
            +---------+---------+-------+---------+---------+-------
          D |       0 |    1448 | 100.0 |       0 |       6 | 100.0
            +---------+---------+-------+---------+---------+-------
